 Dungeon Crawl Stone Soup version 0.26.0-16-gc1dbca0489 (webtiles) character file.

Game seed: 1052593174605965619

350 thiole the Sneak (level 6, -5/36 HPs)
             Began as an Octopode Hedge Wizard on Jan 20, 2021.
             Slain by a gnoll
             ... wielding a +0 halberd
              (6 damage)
             ... on level 5 of the Dungeon.
             The game lasted 00:05:27 (5852 turns).

thiole the Sneak (Octopode Hedge Wizard)            Turns: 5852, Time: 00:05:27

Health: -5/36      AC:  1    Str:  9    XL:     6   Next: 61%
Magic:  12/12      EV:  7    Int: 19    God:
Gold:   200        SH:  0    Dex: 11    Spells: 7/13 levels left

rFire    . . .     SeeInvis .   l - +4 long sword
rCold    + . .     Faith    .   (no shield)
rNeg     . . .     Spirit   .   b - +0 hat
rPois    .         Reflect  .   (no amulet)
rElec    .         Harm     .   i - ring of willpower
rCorr    .         Rampage  .   d - ring of protection from cold
Will     +....                  (no ring)
Stlth    ++++......             (no ring)
HPRegen  0.12/turn              (no ring)
MPRegen  0.13/turn              (no ring)
                                (no ring)
                                (no ring)

@: held
A: almost no armour, stealthy swim, amphibious, 8 rings, constrict 8, camouflage
1, gelatinous body 1
a: no special abilities


You were on level 5 of the Dungeon.
You visited 1 branch of the dungeon, and saw 5 of its levels.

You collected 200 gold pieces.

Inventory:

Hand Weapons
 a - a +0 dagger
 l - a +4 long sword (weapon)
 q - a +0 dagger of holy wrath
Armour
 b - a +0 hat (worn)
Jewellery
 d - a ring of protection from cold (right tentacle)
 i - a ring of willpower (left tentacle)
 n - an uncursed ring of fire {unknown}
Scrolls
 c - a scroll of random uselessness {unknown}
 e - a scroll of noise {unknown}
 f - 4 scrolls of identify
 j - a scroll of amnesia {unknown}
 k - a scroll of magic mapping {unknown}
 o - a scroll of enchant weapon {unknown}
 p - 2 scrolls of teleportation {unknown}
Potions
 g - 2 potions of haste {unknown}
 h - 2 potions of might {unknown}
 m - 3 potions of curing {unknown}
 r - a potion of attraction {unknown}


   Skills:
 - Level 2.0 Dodging
 + Level 4.8 Stealth
 + Level 4.0 Spellcasting
 - Level 2.0 Conjurations
 + Level 3.1 Summonings
 - Level 1.0 Translocations
 * Level 3.2 Air Magic


You had 7 spell levels left.
You knew the following spells:

 Your Spells              Type           Power        Failure   Level
a - Magic Dart            Conj           44%          6%          1
b - Call Imp              Summ           15%          6%          2
c - Mephitic Cloud        Conj/Pois/Air  10%          21%         3

Your spell library contained the following spells:

 Spells                   Type           Power        Failure   Level
 Blink                    Tloc           N/A          14%         2
 Slow                     Hex            3%           21%         2
 Conjure Flame            Conj/Fire      7%           26%         3


Dungeon Overview and Level Annotations

Branches:
Dungeon (5/15)
 Temple: D:4-7

Altars:
Hepliaklqana
Sif Muna


Innate Abilities, Weirdness & Mutations

You cannot wear most types of armour.
You are very stealthy in the water. (Stealth+)
You are amphibious.
You can wear up to eight rings at the same time.
You can use your tentacles to constrict eight enemies at once.
Your skin changes colour to match your surroundings (Stealth+).
Your rubbery body absorbs attacks. (AC +1, EV +1)


Message History

Found an escape hatch in the ceiling and an escape hatch in the floor.
There is a stone staircase leading up here.
The gnoll throws a throwing net.
The throwing net hits you.
You become entangled in the net!
You stop ascending the stairs.
You tear a large gash into the net.
The gnoll barely misses you.
You struggle against the net.
A gnoll comes into view. It is wielding a +0 whip.
You rip the net and break free!
The gnoll throws a throwing net.
The throwing net hits you.
You become entangled in the net!
The gnoll hits you from afar with a +0 halberd!
The gnoll closely misses you.
You struggle against the net.
The gnoll hits you from afar with a +0 halberd!
* * * LOW HITPOINT WARNING * * *
A gnoll comes into view. It is wielding a +1 spear of venom.
You struggle against the net.
The gnoll barely misses you.
The gnoll sergeant hits you from afar with a +0 spear!
* * * LOW HITPOINT WARNING * * *
The gnoll hits you from afar with a +0 halberd.
You die...

....##......#
##....$g.....
#........... ##
=..........#..#
......g........
.....gg........
...............
..g.g..@.....<.
........#....#.
$........ ....#
........## ..##
..#.....# ## .
#...>.. ..##...
... ....


You could see a gnoll sergeant and 5 gnolls.

Vanquished Creatures
  An ogre (D:4)
  A hound (D:4)
  2 iguanas (D:4)
  A worker ant (D:4)
  4 adders
  An ooze (D:3)
  An adder skeleton (D:4)
  3 worms
  3 dart slugs
  4 leopard geckos
  8 orcs
  3 ball pythons
  6 giant cockroaches
  9 goblins
  6 hobgoblins
  11 jackals (D:2)
  12 kobolds
  2 quokkas
  5 bats
  9 frilled lizards
  10 rats
102 creatures vanquished.

Notes
Turn   | Place    | Note
-------+----------+-------------------------------------------
     0 | D:1      | thiole the Octopode Hedge Wizard began the quest for the
                  | Orb.
     0 | D:1      | Reached XP level 1. HP: 11/11 MP: 4/4
   484 | D:1      | Reached XP level 2. HP: 17/17 MP: 4/6
   985 | D:1      | Learned a level 2 spell: Call Imp
  1375 | D:1      | Reached XP level 3. HP: 21/21 MP: 5/7
  1379 | D:1      | Learned a level 3 spell: Mephitic Cloud
  2531 | D:2      | Reached skill level 1 in Air Magic
  2531 | D:2      | Reached XP level 4. HP: 27/27 MP: 2/9
  3371 | D:2      | Found a hazy altar of Hepliaklqana.
  4071 | D:3      | Reached XP level 5. HP: 27/31 MP: 6/10
  4483 | D:3      | Found a faded altar of an unknown god.
  5424 | D:4      | Reached XP level 6. HP: 20/36 MP: 6/11
  5756 | D:4      | Found a shimmering blue altar of Sif Muna.
  5845 | D:5      | Entered Level 5 of the Dungeon
  5852 | D:5      | HP: 1/36 [gnoll sergeant/+0 spear (9)]
  5852 | D:5      | Slain by a gnoll

Illustrated notes

Levels and vault maps discovered:
D:1:      onia_arrival_mini_spirals, layout_loops_corners,
          grunt_decor_resistance
D:2:      layout_loops_ring, nzn_hepliaklqana_mist_gate
D:3:      layout_basic, chequers_ecumenical_altar_simple_redux
D:4:      layout_rooms, led_sif_pool
D:5:      layout_cave_pools, kennysheep_mini, trog_eyes_of_draining

Skill      XL: |  1  2  3  4  5  6 |
---------------+-------------------+-----
Stealth        | 3 4 |  4.8
Conjurations   | 2 |  2.0
Summonings     | 2 3 |  3.1
Air Magic      | 1 2 3 |  3.2
Spellcasting   | 4 |  4.0
Dodging        | |  2.0
Translocations | |  1.0

Action                   |  1- 3 |  4- 6 || total
-------------------------+-------+-------++-------
Melee: Dagger            |    33 |    57 ||    90
       Constrict         |     8 |    20 ||    28
       Tentacles         |     6 |    17 ||    23
       Long sword        |       |    24 ||    24
 Cast: Magic Dart        |    72 |   152 ||   224
       Call Imp          |       |     4 ||     4
  Use: Scroll            |       |     2 ||     2
 Stab: Distracted        |       |     1 ||     1
Armor: Skin              |     5 |     8 ||    13
Dodge: Dodged            |    18 |    50 ||    68
       Rpst.: Long sword |       |     2 ||     2
